 Seeded DCSS version 0.31-a0-174-g85c54bcb58 (webtiles) character file.

Game seed: 6943881793479812628 (custom seed)

1 innerfire43 the Trooper (level 1, -1/18 HPs)
             Began as a Demonspawn Monk on June 15, 2023.
             Killed from afar by a dart slug (2 damage)
             ... with a slug dart
             ... on level 1 of the Dungeon.
             The game lasted 00:00:08 (64 turns).

innerfire43 the Trooper (Demonspawn Monk)             Turns: 64, Time: 00:00:08

Health: -1/18      AC:  2    Str: 11    XL:     1   Next: 16%
Magic:  1/1        EV: 13    Int: 11    God:
Gold:   6          SH:  0    Dex: 15    Spells: 0/0 levels left

rFire   . . .        a - +0 short sword
rCold   . . .        d - orb {light}
rNeg    . . .        b - +0 robe
rPois   .            (no helmet)
rElec   .            (no cloak)
rCorr   .            (no gloves)
SInv    .            (no boots)
Will    .....        (no amulet)
Stlth   +            (no ring)
HPRegen 0.23/turn    (no ring)
MPRegen 0.07/turn

%: no passive effects
@: glowing
A: no striking features
a: no special abilities


You were on level 1 of the Dungeon.
You visited 1 branch of the dungeon, and saw 1 of its levels.

You collected 6 gold pieces.

Inventory:

Hand Weapons
 a - a +0 short sword (weapon)
Armour
 b - a +0 robe (worn)
 d - an orb of light (worn)
Potions
 c - a potion of ambrosia


   Skills:
 + Level 3.0 Fighting
 + Level 2.7 Short Blades
 + Level 2.7 Dodging


You couldn't memorise any spells.
You didn't know any spells.
Your spell library contained the following spells:

 Spells                   Type           Power      Damage    Failure   Level
 Sublimation of Blood     Necr           0%         N/A       47%         2
 Petrify                  Tmut/Erth      0%         N/A       98%         4
 Irradiate                Conj/Tmut      0%         3d11      100%        5


Dungeon Overview and Level Annotations

Branches:
Dungeon (1/15)

Altars:


Message History

You barely miss the bat. The bat misses you.
The dart slug launches a dart at you. The slug dart hits you. The bat hits you.
The dart slug bites you.
You hit the dart slug but do no damage. The bat hits you.
You hit the dart slug.
The dart slug is lightly wounded.
The bat hits you. The dart slug misses you.
You are too injured to fight recklessly!
You are too injured to fight recklessly!
You are too injured to fight recklessly!
You are too injured to fight recklessly!
You closely miss the bat. The bat hits you. The dart slug bites you.
The bat completely misses you.
You hit the dart slug but do no damage.
The dart slug is lightly wounded.
The bat barely misses you.
The dart slug briefly extends its eye-stalks.
The dart slug bites you.
You hit the dart slug but do no damage.
The dart slug is lightly wounded.
The bat hits you but does no damage. The bat barely misses you.
You hit the dart slug.
The dart slug is heavily wounded.
The bat closely misses you. The dart slug bites you.
* * * LOW HITPOINT WARNING * * *
You hit the dart slug but do no damage.
The dart slug is heavily wounded.
The bat barely misses you. The dart slug bites you.
* * * LOW HITPOINT WARNING * * *
You hit the dart slug.
The dart slug is severely wounded.
The bat hits you.
* * * LOW HITPOINT WARNING * * *
You hit the dart slug but do no damage.
The dart slug is severely wounded.
The bat barely misses you. The dart slug launches a dart at you.
The slug dart hits you.
You die...

.# .# .# .#
###.### #.#
#.....# #.#
###.w.#.# #.#
#...@...# #.#
#.#...### #.#
#.#...# #.#
#.#.b.#
###.#####
#.#...#
#...)...###
#.#.:.#
#.#.###....
#.##### #.#.#
#.#..
#.#########.#.#
#.#..
#...(.......#.#
#.#.≈


You could see a dart slug and a bat.

Vanquished Creatures
  2 kobolds (D:1)
2 creatures vanquished.

Notes
Turn   | Place    | Note
-------+----------+-------------------------------------------
     0 | D:1      | innerfire43 the Demonspawn Monk began the quest for the
                  | Orb.
     0 | D:1      | Reached XP level 1. HP: 18/18 MP: 1/1
    64 | D:1      | Killed from afar by a dart slug

Illustrated notes

Levels and vault maps discovered:
D:1:      ebering_trefoil_3fold, layout_basic

Action                     || total
---------------------------++-------
  Melee: Short sword       ||    17
 Armour: Robe              ||     1
  Dodge: Dodged            ||    11

Table legend: (Time is in decaauts)
 A = Elapsed time spent in this place.
 B = Non-inter-level travel time spent in this place.
 C = Inter-level travel time spent in this place.
 D = Time resting spent in this place.
 E = Time spent auto-exploring this place.
 F = Levels seen in this place.
 G = Mean time per level.
                   A        B        C        D        E       F      G
               +--------+--------+--------+--------+--------+-----+--------+
         Total |     62 |     62 |      0 |      0 |     38 |   1 |   62.0 |
       Dungeon |     62 |     62 |      0 |      0 |     38 |   1 |   62.0 |
               +--------+--------+--------+--------+--------+-----+--------+

Top non-repeatable levels by time:
     D:1: 62 daAuts
